 Dungeon Crawl Stone Soup version 0.28-a0-1435-g82390b3a13 (webtiles) character file.

Game seed: 16224138441615799781

113 hashsling the Charlatan (level 5, -11/46 HPs)
             Began as a Kobold Artificer on Jan 9, 2022.
             Was a Follower of Dithmenos.
             Killed from afar by Ijyb (21 damage)
             ... with a bolt of acid
             ... on level 3 of the Dungeon.
             The game lasted 00:14:13 (2516 turns).

hashsling the Charlatan (Kobold Artificer)          Turns: 2516, Time: 00:14:14

Health: -11/46     AC: 22    Str:  9    XL:     5   Next: 17%
Magic:  1/1        EV:  3    Int: 13    God:    Dithmenos [*.....]
Gold:   67         SH:  0    Dex: 17    Spells: 4/4 levels left

rFire   . . .      SeeInvis .   b - +0 short sword (antimagic)
rCold   . . .      Faith    +   (no shield)
rNeg    . . .      Spirit   .   (armour currently unavailable)
rPois   +          Reflect  .   (helmet currently unavailable)
rElec   .          Harm     .   (cloak currently unavailable)
rCorr   .          Rampage  .   (gloves currently unavailable)
Will    .....      NoTele   +   (boots currently unavailable)
Stlth   ++........              f - amulet of faith
HPRegen 0.15/turn               (no ring)
MPRegen 0.07/turn               (no ring)

@: confused, lethally poisoned (-11 -> -14), tree-form, wreathed by umbra
A: stationary, stasis, torment immunity, boosted hp, small, no large weapons,
nightstalker 3
a: Renounce Religion


You were on level 3 of the Dungeon.
You worshipped Dithmenos.
Dithmenos was aware of your devotion.
You were a tree.
You visited 1 branch of the dungeon, and saw 3 of its levels.

You collected 67 gold pieces.

Inventory:

Hand Weapons
 b - a +0 antimagic short sword (weapon)
 j - a +3 mace
Missiles
 i - 40 bolts
 l - 114 stones
Armour
 c - a +0 helmet
 q - a +3 leather armour of cold resistance (melded)
 r - a +0 helmet (melded)
Jewellery
 a - a ring of willpower
 f - an amulet of faith (around neck)
 h - an amulet of magic regeneration
Wands
 d - a wand of charming (12)
Scrolls
 g - a scroll of noise {unknown}
 m - a scroll of vulnerability {unknown}
 o - 2 scrolls of identify
 p - a scroll of teleportation {unknown}
Miscellaneous
 e - a piece from Xom's chessboard (15/15)


   Skills:
 + Level 2.5 Fighting
 * Level 2.4 Short Blades
 - Level 1.0 Armour
 + Level 3.3 Dodging
 * Level 3.3 Stealth
 - Level 4.0 Evocations


You had 4 spell levels left.
You didn't know any spells.
Your spell library contained the following spells:

 Spells                   Type           Power      Damage    Failure   Level
 Sublimation of Blood     Necr           0%         N/A       43%         2
 Wereblood                Tmut           0%         N/A       43%         2
 Call Canine Familiar     Summ           0%         N/A       67%         3
 Portal Projectile        Hex/Tloc       0%         N/A       67%         3
 Leda's Liquefaction      Hex/Erth       0%         N/A       97%         4
 Summon Hydra             Summ           0%         N/A       100%        7


Dungeon Overview and Level Annotations

Branches:
Dungeon (3/15)

Altars:
Dithmenos

Annotations:
D:3 Ijyb


Innate Abilities, Weirdness & Mutations

You are a tree.
Your roots penetrate the ground, keeping you stationary.
You cannot be teleported.
You are immune to unholy pain and torment.
Your maximum health is greatly increased.
Your equipment is partially melded.
You are small and have problems with some larger weapons.
You are completely attuned to the shadows.


Message History

Okay, then.
Your orc wizard hits something but does no damage.
Your orc wizard hits something but does no damage.
You start putting on your amulet.
You continue putting on your amulet of faith.
Your orc wizard hits something with a +0 dagger.
You continue putting on your amulet of faith. x4
You finish putting on your amulet of faith.
You feel a surge of divine interest.
f - an amulet of faith (around neck)
You feel better.
Your orc wizard hits Ijyb but does no damage.
Ijyb shouts!
Your orc wizard hits Ijyb but does no damage.
The orc wizard is no longer charmed.
You can no longer detect the orc wizard.
Something barely misses you.
You hear some strange, mumbled words.
Deactivating autopickup; reactivate with Ctrl-A.
You are confused.
Ijyb shouts!
You are too injured to fight recklessly!
You're too confused to aim your attacks!
You turn into a tree.
Your +0 helmet melds into your body.
Your +3 leather armour of cold resistance melds into your body.
You feel less resistant to cold.
Your roots penetrate the ground.
An orc wizard appears from thin air!
Reactivating autopickup.
Ijyb hits you but does no damage.
You are poisoned.
The orc wizard gestures at you while chanting.
You are more confused.
You are too injured to fight recklessly!
You swing at nothing.
You feel sick. Ijyb hits you but does no damage.
The orc wizard barely misses you.
You hit the orc wizard.
The orc wizard's magic leaks into the air.
The orc wizard is moderately wounded.
You feel sick.
Ijyb zaps a wand.
The bolt of acid hits you!!
You die...

#..........# ##
#.........###.#
.###......)..)#.#
..........##.#.#
#........##.#.#
#...######.#.#
##.#######.#.#
#....g... #.#####
#...♣.# #.....#
##+.o'# #####.#
#....# #.# #....#
#.# #...## #.#
#.# #.# #.# #.#


You could see Ijyb and an orc wizard (magic disrupted).

Vanquished Creatures
  Terence (D:2)
  Robin (D:3)
  2 adders (D:2)
  3 worms (D:2)
  2 dart slugs
  An orc (D:3)
  3 ball pythons
  4 endoplasms
  6 goblins
  5 hobgoblins
  3 jackals (D:2)
  3 quokkas
  A bat (D:1)
  A frilled lizard (D:2)
  4 kobolds
  3 rats (D:2)
43 creatures vanquished.

Vanquished Creatures (collateral kills)
  2 orcs (D:3)
2 creatures vanquished.

Grand Total: 45 creatures vanquished

Notes
Turn   | Place    | Note
-------+----------+-------------------------------------------
     0 | D:1      | hashsling the Kobold Artificer began the quest for the Orb.
     0 | D:1      | Reached XP level 1. HP: 12/12 MP: 1/1
   396 | D:1      | Reached skill level 1 in Armour
   396 | D:1      | Reached XP level 2. HP: 16/16 MP: 2/2
  1007 | D:2      | Reached skill level 1 in Short Blades
  1007 | D:2      | Reached XP level 3. HP: 21/21 MP: 3/3
  1048 | D:2      | Reached skill level 4 in Evocations
  1375 | D:2      | Reached XP level 4. HP: 10/26 MP: 4/4
  1810 | D:2      | Noticed Terence
  1828 | D:2      | Killed Terence
  2042 | D:2      | Found a faded altar of an unknown god.
  2047 | D:2      | Prayed at the altar of an unknown god.
  2047 | D:2      | Became a worshipper of Dithmenos the Shadowed
  2047 | D:2      | Reached * piety under Dithmenos
  2059 | D:2      | Found a faded altar of an unknown god.
  2322 | D:3      | Noticed Robin
  2387 | D:3      | Killed Robin
  2388 | D:3      | Reached XP level 5. HP: 24/31 MP: 1/5
  2491 | D:3      | Noticed Ijyb
  2516 | D:3      | Killed from afar by Ijyb

Illustrated notes

Levels and vault maps discovered:
D:1:      elethiomel_arrival_quiet, layout_rooms
D:2:      layout_rooms, hellmonk_ecumenical_altar_the_god_not_taken,
          uniq_terence
D:3:      minmay_chambers_of_twos, layout_loops_corners,
          trog_three_pillars_becter, mainiacjoe_overflow_alcove_2,
          gammafunk_ghost_necromancy, uniq_crazy_yiuf_cottage, uniq_robin,
          uniq_ijyb, uniq_natasha

Skill      XL: |  1  2  3  4 |
---------------+-------------+-----
Armour         | 1 |  1.0
Short Blades   | 1 2 |  2.4
Stealth        | 2 3 |  3.3
Evocations     | 4 |  4.0
Fighting       | 2 |  2.5
Dodging        | 3 |  3.3

Action                   |  1- 3 |  4- 6 || total
-------------------------+-------+-------++-------
Melee: Club              |    17 |       ||    17
       Mace              |    45 |    34 ||    79
       Punch             |     2 |     1 ||     3
       Short sword       |       |    50 ||    50
Evoke: Wand              |    15 |     3 ||    18
  Use: Potion            |       |     5 ||     5
       Scroll            |       |     2 ||     2
 Stab: Sleeping          |     5 |     4 ||     9
       Distracted        |       |     1 ||     1
Armor: Leather armour    |    12 |    18 ||    30
       Skin              |       |     4 ||     4
Dodge: Dodged            |    60 |    57 ||   117

Table legend: (Time is in decaauts)
 A = Elapsed time spent in this place.
 B = Non-inter-level travel time spent in this place.
 C = Inter-level travel time spent in this place.
 D = Time resting spent in this place.
 E = Time spent auto-exploring this place.
 F = Levels seen in this place.
 G = Mean time per level.
                   A        B        C        D        E       F      G
               +--------+--------+--------+--------+--------+-----+--------+
         Total |   2551 |   2551 |      0 |      0 |   1926 |   3 |  850.3 |
       Dungeon |   2551 |   2551 |      0 |      0 |   1926 |   3 |  850.3 |
               +--------+--------+--------+--------+--------+-----+--------+

Top non-repeatable levels by time:
     D:2: 1424 daAuts
     D:1: 798 daAuts
     D:3: 328 daAuts
